 Seeded DCSS version 0.30-a0-578-gdee14c521f (webtiles) character file.

Game seed: 4554159440564160499 (custom seed)

58 flotson the Sneak (level 3, 18/29 HPs)
             Began as a Demonspawn Delver on Dec 31, 2022.
             Quit the game in an ossuary.
             The game lasted 00:00:46 (178 turns).

flotson the Sneak (Demonspawn Delver)                Turns: 178, Time: 00:00:47

Health: 18/29      AC:  4    Str: 14    XL:     3   Next: 76%
Magic:  3/3        EV: 12    Int: 11    God:
Gold:   0          SH:  0    Dex: 14    Spells: 2/2 levels left

rFire   . . .      SeeInvis .    a - +0 hand axe
rCold   . . .      Faith    .    (no shield)
rNeg    . . .      Spirit   .    b - +0 leather armour
rPois   .          Reflect  .    (no helmet)
rElec   .          Harm     .    (no cloak)
rCorr   .          Rampage  .    (no gloves)
Will    .....                    (no boots)
Stlth   +++                      (no amulet)
HPRegen 0.24/turn                (no ring)
MPRegen 0.08/turn                (no ring)

@: no status effects
A: sharp scales 1
a: no special abilities


You were in an ossuary.
You visited 1 branch of the dungeon, and saw 1 of its levels.
You also visited: Ossuary.

Inventory:

Hand Weapons
 a - a +0 hand axe (weapon)
Armour
 b - a +0 leather armour (worn)
Wands
 g - a wand of digging (3)
Scrolls
 c - a scroll of fog
 d - a scroll of magic mapping
 e - a scroll of fear
Potions
 h - a potion of mutation {unknown}


   Skills:
 + Level 3.3 Fighting
 + Level 2.1 Axes
 + Level 1.2 Armour
 + Level 2.2 Dodging
 + Level 4.7 Stealth
 + Level 1.1 Evocations


You had 2 spell levels left.
You didn't know any spells.
Your spell library contained the following spells:

 Spells                   Type           Power      Damage    Failure   Level
 Stone Arrow              Conj/Erth      0%         3d7       78%         3
 Animate Armour           Summ/Erth      0%         N/A       99%         4
 Lehudib's Crystal Spear  Conj/Erth      0%         10d2      100%        8


Dungeon Overview and Level Annotations

Branches:
Dungeon (5/15)            Ossuary (1/1)
 Temple: D:4-7

Altars:


Innate Abilities, Weirdness & Mutations

You are partially covered in razor-sharp scales. (AC +1, Slay +1)


Message History

The scorpion zombie closely misses you.
You hit the scorpion zombie.
The scorpion zombie is heavily damaged.
The scorpion zombie hits you but does no damage.
You barely miss the scorpion zombie.
The scorpion zombie is heavily damaged.
The scorpion zombie hits you.
You hit the scorpion zombie.
The scorpion zombie is heavily damaged.
The scorpion zombie misses you.
You hit the scorpion zombie.
The scorpion zombie is severely damaged.
The scorpion zombie hits you.
The scorpion zombie hits you but does no damage.
You hit the scorpion zombie but do no damage.
You punch the scorpion zombie.
The scorpion zombie is severely damaged.
The scorpion zombie closely misses you.
You hit the scorpion zombie.
The scorpion zombie is severely damaged.
The scorpion zombie barely misses you.
You hit the scorpion zombie.
The scorpion zombie is severely damaged.
The scorpion zombie hits you.
You slash the scorpion zombie!
The scorpion zombie is almost destroyed.
The scorpion zombie barely misses you.
You hit the scorpion zombie but do no damage.
The scorpion zombie is almost destroyed.
The scorpion zombie closely misses you. The scorpion zombie hits you.
You slash the scorpion zombie!
You destroy the scorpion zombie!
Your Evocations skill increases to level 1!
No target in view!
No target in view!
No target in view!
No target in view!
No target in view!
No target in view!
Are you sure you want to abandon this character and quit the game? (Confirm with "yes".)

#########
#...#...#
#.∩.'.∩.#
#...#...#
##'######
#...#...#
#...8@..#
#.......#
##8...8##
#.......#
#...8...#
#...#...#
######+##


There were no monsters in sight!

Vanquished Creatures
  A centaur zombie (Ossuary)
  A scorpion zombie (Ossuary)
  2 goblin zombies (D:5)
  A hobgoblin zombie (Ossuary)
5 creatures vanquished.

Notes
Turn   | Place    | Note
-------+----------+-------------------------------------------
     0 | D:5      | flotson the Demonspawn Delver began the quest for the Orb.
     0 | D:5      | Reached XP level 1. HP: 18/18 MP: 1/1
     7 | D:5      | Noticed a scorpion
    19 | D:5      | Found a sand-covered staircase.
    45 | Ossuary  | Entered an ossuary
    69 | Ossuary  | Reached skill level 1 in Armour
    69 | Ossuary  | Gained mutation: You are partially covered in razor-sharp
                  | scales. (AC +1, Slay +1) [demonic ancestry]
    69 | Ossuary  | Reached XP level 2. HP: 9/24 MP: 2/2
    69 | Ossuary  | Reached XP level 3. HP: 11/29 MP: 3/3
   178 | Ossuary  | Reached skill level 1 in Evocations
   178 | Ossuary  | Quit the game

Illustrated notes

Levels and vault maps discovered:
D:5:      layout_basic, yredelemnul_forgotten_temple_becter, enter_ossuary_4,
          uniq_grinder
Ossuary:  ossuary_minmay_scorpions

Skill      XL: |  1  2  3 |
---------------+----------+-----
Axes           | 2 |  2.1
Armour         | 1 |  1.2
Dodging        | 2 |  2.2
Evocations     | 1 |  1.1
Fighting       | |  3.3
Stealth        | |  4.7

Action                   || total
-------------------------++-------
Melee: Hand axe          ||    32
       Punch             ||     1
  Use: Potion            ||     1
 Stab: Sleeping          ||     2
Armor: Leather armour    ||    14
Dodge: Dodged            ||    22

Table legend: (Time is in decaauts)
 A = Elapsed time spent in this place.
 B = Non-inter-level travel time spent in this place.
 C = Inter-level travel time spent in this place.
 D = Time resting spent in this place.
 E = Time spent auto-exploring this place.
 F = Levels seen in this place.
 G = Mean time per level.
                   A        B        C        D        E       F      G
               +--------+--------+--------+--------+--------+-----+--------+
         Total |    166 |    166 |      0 |      0 |     79 |   2 |   83.0 |
       Dungeon |     46 |     46 |      0 |      0 |      0 |   1 |   46.0 |
       Ossuary |    120 |    120 |      0 |      0 |     79 |   1 |  120.0 |
               +--------+--------+--------+--------+--------+-----+--------+

Top non-repeatable levels by time:
 Ossuary: 120 daAuts
     D:5: 46 daAuts
